 Dungeon Crawl Stone Soup version 0.14-a0-2950-gbe29d66 (webtiles) character file.

626 Kae the Poker (level 6, 0/52 HPs)
             Began as a Naga Gladiator on Mar 4, 2014.
             Was a Follower of Cheibriados.
             Slain by an orc warrior
             ... wielding a +2,+2 short sword
              (5 damage)
             ... on Level 5 of the Dungeon.
             The game lasted 00:07:38 (4420 turns).

Kae the Poker (Naga Gladiator)                      Turns: 4420, Time: 00:07:38

HP   0/52        AC 12     Str 21      XL: 6   Next: 96%
MP   6/6         EV  3     Int  8      God: Cheibriados [*.....]
Gold 201         SH  0     Dex 14      Spells:  0 memorised,  5 levels left

rFire  . . .     SeeInvis +     a - +1,+0 trident
rCold  . . .     Clarity  +     A - +0 plate armour
rNeg   . . .     Conserve .     (no shield)
rPois  +         rCorr    .     c - +0 helmet
rElec  .         rRot     .     k - +0 cloak
SustAb . .       Spirit   .     (no gloves)
rMut   .         Warding  .     (no barding)
Saprov . . .     Stasis   +     x - amulet of stasis
MR     .....                    (no ring)
                                n - +3 ring of protection

@: invisible, very slightly contaminated, very slow, not resistant to hostile
enchantments, extremely unstealthy
A: spit poison, see invisible, berserk 1, clarity, deformed body, dopey 1,
poison resistance, slowness 2, AC +2
a: Spit Poison, Bend Time, Renounce Religion


You were on level 5 of the Dungeon.
You worshipped Cheibriados.
Cheibriados was aware of your devotion.
You were not hungry.

You visited 2 branches of the dungeon, and saw 6 of its levels.

You collected 201 gold pieces.

Inventory:

Hand weapons
 a - a +1,+0 trident (weapon)
Missiles
 d - 4 throwing nets (quivered)
Armour
 c - a +0 helmet (worn)
 k - a +0 cloak (worn)
 v - a +0 elven leather armour
 A - a +0 plate armour (worn)
Magical devices
 j - a wand of magic darts (15)
 z - a wand of cold (6) {unknown}
Comestibles
 f - 2 bread rations
 g - 4 meat rations
 h - a choko
 i - 4 pears
 m - a lemon
Scrolls
 b - 5 scrolls of remove curse
 p - a scroll of fog
 r - 3 scrolls of recharging
 y - a scroll of identify
Jewellery
 n - a +3 ring of protection (left hand)
 s - an uncursed amulet of stasis
 x - an amulet of stasis (around neck)
Potions
 l - 3 potions of curing
 o - 6 potions of brilliance
 q - a potion of speed
 u - a potion of restore abilities {unknown}
 w - a potion of poison {unknown}


   Skills:
 - Level 2.0 Fighting
 * Level 7.3 Polearms
 - Level 1.7 Throwing
 + Level 1.4 Armour
 - Level 2.4 Dodging


You had 5 spell levels left.
You didn't know any spells.

Dungeon Overview and Level Annotations

Branches:
Dungeon (5/16)             Temple (1/1) D:4

Altars:
Ashenzari
Cheibriados
Dithmenos
Makhleb
Nemelex Xobeh
Sif Muna
Vehumet
Zin
The Shining One

Shops:
D:5 :


Innate Abilities, Weirdness & Mutations

You cannot wear boots.
You can spit poison.
Your serpentine skin is tough (AC +2).
You have supernaturally acute eyesight.
Armour fits poorly on your strangely shaped body.
Your system is resistant to poisons.
You cover ground very slowly.
You tend to lose your temper in combat.
You possess an exceptional clarity of mind.
You are dopey. (Int -2)


Message History

The orc warrior is lightly wounded.
The orc warrior hits you with a short sword.
* * * LOW HITPOINT WARNING * * *
You hit the orc warrior but do no damage.
The orc warrior is lightly wounded.
The orc warrior splashes around in the water.
You catch the helpless orc warrior completely off-guard!
You hit the orc warrior but do no damage.
The orc warrior is lightly wounded.
Attack whom?
Press: ? - help, Dir - move target cursor, f/p - orc warrior
Aim: an orc warrior, wielding a short sword and wearing an orcish plate armour (lightly wounded)
You reach to attack!
You barely miss the orc warrior.
The orc warrior is lightly wounded.
Drink which item? (? for menu, Esc to quit)
You feel extremely strange.
You feel a little pissed off.
Your thoughts seem clearer.
You feel stupid.
It was a potion of mutation.
The orc warrior hits you with a short sword.
You die...

.P ≈≈≈ ≈≈≈ ##.≈≈≈≈≈.≈≈≈.≈≈≈ ..#
##.≈≈ ≈≈≈ ≈≈≈ ≈≈≈ #.. ..
#≈≈≈###.###.###.####.###. #####
#≈...#...#...#...#...#...
....###....................#..#
....'.#....................#..#
...%'.'....................#..#
....###........o@..........#..#
#####
#....#...#...#...#...#..### #
##≈.###.###)###.####.#....# #
#≈≈.#≈≈≈#≈≈≈#)≈≈#.#...)>.. #
##≈≈≈≈≈≈.≈≈≈.≈≈≈..#....#.# #
##.#≈.≈≈≈≈≈≈≈≈≈≈≈######.# #
##..#.≈≈≈≈≈≈≈≈≈≈# #.# o
##.##P........## #.# ≈
##.#...#...#.# #.#


You could see an orc warrior.

Vanquished Creatures
  A crimson imp (D:5)
  2 hounds
  A jelly (D:5)
  Crazy Yiuf (D:4)
  A worker ant (D:4)
  An orc wizard (D:4)
  Ijyb (D:5)
  8 adders
  A giant mite (D:4)
  An inept feature mimic (D:2)
  2 worms
  An adder skeleton (D:5)
  A giant eyeball (D:5)
  5 giant geckos
  An ooze (D:1)
  11 orcs
  A ball python (D:4)
  2 giant cockroaches (D:2)
  12 hobgoblins
  3 jackals (D:5)
  7 kobolds
  4 quokkas
  9 bats
  4 giant newts
  6 goblins
  An orc skeleton (D:4)
  9 rats
97 creatures vanquished.

Notes
Turn   | Place    | Note
--------------------------------------------------------------
     0 | D:1      | Kae, the Naga Gladiator, began the quest for the Orb.
     0 | D:1      | Reached XP level 1. HP: 19/19 MP: 1/1
   260 | D:1      | Reached XP level 2. HP: 24/26 MP: 2/2
   750 | D:2      | Reached skill level 4 in Polearms
   805 | D:2      | Reached XP level 3. HP: 30/32 MP: 3/3
  1310 | D:2      | Found a shadowy altar of Dithmenos.
  1397 | D:2      | Reached XP level 4. HP: 39/39 MP: 4/4
  1638 | D:2      | Reached skill level 5 in Polearms
  2283 | D:4      | Noticed Crazy Yiuf
  2297 | D:4      | Killed Crazy Yiuf
  2297 | D:4      | Reached XP level 5. HP: 21/45 MP: 5/5
  2584 | D:4      | Reached skill level 6 in Polearms
  2713 | D:4      | Found a staircase to the Ecumenical Temple.
  2770 | Temple   | Entered the Ecumenical Temple
  2940 | Temple   | Became a worshipper of Cheibriados the Contemplative
  3111 | D:4      | Reached XP level 6. HP: 27/52 MP: 6/6
  3854 | D:5      | Entered Level 5 of the Dungeon
  3942 | D:5      | Noticed Ijyb
  3957 | D:5      | Killed Ijyb
  3957 | D:5      | Reached skill level 7 in Polearms
  4101 | D:5      | Reached skill level 1 in Armour
  4107 | D:5      | Found Dashreke's Book Shoppe.
  4420 | D:5      | Gained mutation: You tend to lose your temper in combat. [potion of mutation]
  4420 | D:5      | Gained mutation: You possess an exceptional clarity of mind. [potion of mutation]
  4420 | D:5      | Gained mutation: You are dopey. (Int -2) [potion of mutation]
  4420 | D:5      | Slain by an orc warrior

Action                   |  1- 3 |  4- 6 || total
-------------------------+-------+-------++-------
Melee: Trident           |   120 |   316 ||   436
 Abil: Spit Poison       |       |     3 ||     3
  Use: Scroll            |     6 |     7 ||    13
       Potion            |       |     2 ||     2
 Stab: Invisible         |       |     1 ||     1
